Cogmind - Beta 16 @@@ ROGUE MODE // 2025.12.28 @ 01:18:38 Player: Bity Result: Destroyed by 9U-8O5(R) with Subdweller Machine Gun Performance ------------- Evolutions (0) 0 Regions Visited (2) 400 Robots Destroyed (32) 160 Value Destroyed (711) 711 Prototype IDs (0) 0 Alien Tech Used (0) 0 Bonus (-13) -13 TOTAL SCORE: 1258 Bonus ------- Friendly Fire -13 Cogmind --------- Core Integrity 0/250 Matter 87/300 Energy 100/100 System Corruption 4% Temperature Cool (0) Movement Rolling (105) Ox1 Location -10/Subcaves Parts ------- > --- POWER (1) -------- (None) > --- PROPULSION (2) --- Armored Wheel Armored Wheel > --- UTILITY (2) ------ Large Storage Unit Weapon Shielding > --- WEAPON (2) ------- Subdweller Beam Cannon Maul > --- INVENTORY (15) --- Ion Engine Ion Engine Subdweller Power Source Armored Wheel Armored Wheel Subdweller Monowheel Flight Unit Flight Unit Visual Processing Unit Subdweller Optics Subdweller Optics Signal Interpreter Subdweller Machine Gun Improved Light Cannon Improved Light Cannon Peak State ------------ > --- POWER ------------ Subdweller Power Source > --- PROPULSION ------- Armored Wheel Armored Wheel > --- UTILITY ---------- Large Storage Unit Large Storage Unit > --- WEAPON ----------- Subdweller Beam Cannon Maul > --- INVENTORY -------- Ion Engine Ion Engine Subdweller Power Source Wheel Armored Wheel Armored Wheel Subdweller Monowheel Flight Unit Flight Unit Visual Processing Unit Signal Interpreter Weapon Shielding Improved Light Cannon Improved Light Cannon Mining Laser [Rating: 14] Favorites ----------- Power Ion Engine Engine Ion Engine Propulsion Wheel Leg Aluminum Leg Wheel Wheel Utility Seismic Detector Device Seismic Detector Storage Large Storage Unit Protection Weapon Shielding Weapon Heavy EM Pulse Gun Energy Gun Heavy EM Pulse Gun Energy Cannon Subdweller Beam Cannon Ballistic Gun Light Assault Rifle Ballistic Cannon Improved Light Cannon Launcher Grenade Launcher Special Weapon Mining Laser Impact Weapon Maul Build | -11 -10 -10 ------- Run | Yrd Mat Sub Slots Evolved . | . . . Power . | . . . Propulsion . | . . . Utility . | . . . Weapon . | . . . Parts Attached 26 | 4 15 7 Power 2 | . 1 1 Engine 2 | . 1 1 Core . | . . . Reactor . | . . . Propulsion 6 | 2 4 . Treads . | . . . Leg . | . . . Wheel 6 | 2 4 . Hover . | . . . Flight . | . . . Utility 7 | 2 3 2 Device 3 | 2 1 . Storage 3 | . 2 1 Processor . | . . . Hackware . | . . . Protection 1 | . . 1 Artifact . | . . . Weapon 11 | . 7 4 Energy Gun 2 | . 2 . Energy Cannon 1 | . . 1 Ballistic Gun 2 | . 2 . Ballistic Cannon 2 | . 2 . Launcher 2 | . . 2 Special Weapon 1 | . 1 . Impact Weapon 1 | . . 1 Slashing Weapon . | . . . Piercing Weapon . | . . . Special Melee Weapon . | . . . Unidentified Prototypes . | . . . Parts Lost 7 | . 1 6 Power 2 | . . 2 Propulsion . | . . . Utility 1 | . . 1 Weapon 4 | . 1 3 Highest Loss Streak 5 | . 1 5 To Critical Strikes . | . . . Average Backups 11 | 7 9 14 Power 2 | 1 2 2 Propulsion 3 | 4 2 5 Utility 1 | . 1 3 Weapon 3 | 1 3 4 Tool/Special . | . . . Unused Backups 31 | 11 6 14 Power 7 | 2 2 3 Propulsion 12 | 5 1 6 Utility 5 | 1 . 4 Weapon 7 | 3 3 1 Tool/Special . | . . . Average Slot Usage (%) 98 | . 99 96 Engine 13 | . 14 13 Wheel 28 | . 28 28 Device 12 | . 14 10 Storage 14 | . 14 14 Energy Gun 10 | . 16 . Ballistic Gun 3 | . 5 . Ballistic Cannon 6 | . 2 11 Launcher 2 | . . 7 Special Weapon 2 | . 3 . Impact Weapon 2 | . . 5 Peak Build Rating 14 | 7 13 14 Average Rating 9 | 6 9 12 On Entrance 8 | 6 7 13 Avg Prop Armor Cover (%) 10 | 10 . . Naked Turns . | . . . Heaviest Build 56 | 12 34 56 Greatest Support 24 | 20 24 24 Greatest Overweight (x) 2 | 1 1 2 Average Overweight (x) . | . . 1 Largest Inventory Capacity 15 | 8 15 15 Average Capacity 11 | 8 10 15 Most Carried 15 | 8 15 15 Average Carried 11 | 7 9 14 Final Capacity 15 | 8 15 15 Final Carried 15 | 8 15 15 Class Distribution -------------------- 100% | Mutant Dominant Class ---------------- Mutant | -10/Materials Mutant | -10/Subcaves Resources | -11 -10 -10 ----------- Run | Yrd Mat Sub Matter Collected 569 | 273 137 159 Remotely 21 | 21 . . Salvage Created 976 | 236 549 191 Parts 69 | 28 28 13 Haulers Intercepted 2 | . 2 . Recyclers Shooed . | . . . Parts Field Recycled . | . . . Retrieved Matter . | . . . Parts Self-Destructed 6 | . . 6 Prevented . | . . . Parts Restored . | . . . Kills | -11 -10 -10 ------- Run | Yrd Mat Sub Combat Hostiles Destroyed 16 | . 10 6 Melee 1 | . . 1 Guns 10 | . 10 . AOE 4 | . . 4 Classes Destroyed 9 | 3 4 2 Worker 2 | 2 . . Tunneler 7 | 7 . . Hauler 2 | . 2 . Recycler 1 | 1 . . Turret 2 | . . 2 Watcher 2 | . 2 . Swarmer 3 | . 2 1 Grunt 8 | . 8 . Subdweller 5 | . . 5 Best Kill Streak 3 | 3 3 3 Combat Bots Only 3 | . 3 3 Max Kills in Single Turn 2 | 1 2 2 Gunslinging . | . . . Exploded 1 | . . 1 Melee 1 | . . 1 Uniques/NPCs Destroyed . | . . . Combat | -11 -10 -10 -------- Run | Yrd Mat Sub Hostile Shots Fired 120 | . 58 62 Missed 40 | . 19 21 Hits 80 | . 39 41 Projectile 80 | . 39 41 Critical Strikes 2 | . 1 1 Damage Taken 1080 | . 439 641 Core 265 | . 129 136 Absorbed by Shields . | . . . Redirected to Shielding 6 | . . 6 Core Remaining (%) 100 | 100 . . Volleys Fired 105 | 33 49 23 Largest 2 | 2 2 2 Hottest 145 | 70 145 66 Shots Fired 192 | 66 89 37 Gun 155 | 66 85 4 Cannon 19 | . . 19 Launcher 14 | . . 14 Special 4 | . 4 . Kinetic 75 | 33 23 19 Thermal 54 | 33 21 . Explosive 14 | . . 14 Electromagnetic 49 | . 45 4 Robot Hit Streak 9 | 6 8 9 Robot Miss Streak 5 | 3 5 2 Penetration Max . | . . . Secondary Targets . | . . . Shots Hit Robots 102 | 36 50 16 Core Hits 57 | 15 24 18 Critical Kills . | . . . Critical Parts Destroyed . | . . . Critical Strikes 5 | 2 2 1 Burn 4 | 2 2 . Smash 1 | . . 1 Melee Attacks 44 | . . 44 Impact 44 | . . 44 Slashing . | . . . Piercing . | . . . Sneak Attacks . | . . . Combat Hostiles . | . . . Follow-up Attacks . | . . . Damage Inflicted 1969 | 413 742 814 Guns 1142 | 413 716 13 Cannons . | . . . Explosions 631 | . 26 605 Melee 196 | . . 196 Ramming . | . . . Kinetic 272 | 147 125 . Thermal 444 | 266 178 . Explosive 605 | . . 605 Electromagnetic 452 | . 439 13 Impact 196 | . . 196 Slashing . | . . . Piercing . | . . . Highest Corruption 4 | . 4 4 Average Corruption 3 | . 2 4 Corruption Purged . | . . . Corruption Blocked . | . . . Effects 15 | . 4 11 Message Errors 3 | . 1 2 Matter Fused 2 | . 1 1 Heat Flow Errors 3 | . . 3 Energy Discharges 2 | . 1 1 Data Loss (minor) 1 | . 1 . Data Loss (major) 1 | . . 1 Alerts 1 | . . 1 Weapon Failures 2 | . . 2 Overload Shots . | . . . Overflow Damage 6 | . . 6 Projectiles . | . . . Explosions 4 | . . 4 Melee 2 | . . 2 Knockbacks 1 | . . 1 Impact 1 | . . 1 Kinetic . | . . . Secondary . | . . . Self-Inflicted Damage 58 | . . 58 Shots 3 | . . 3 Rammed . | . . . Targets Rammed . | . . . Kicked . | . . . Crushed . | . . . Highest Temperature 376 | 102 376 249 Average Temperature 87 | 40 114 110 Received Heat Transfer 336 | . 204 132 Effects 4 | . 3 1 Energy Bleed 1 | . . 1 Interference 1 | . 1 . Short Circuit 2 | . 2 . Siege Activations . | . . . Martial Activations . | . . . Shielding Activations . | . . . Robots Disrupted . | . . . Combat Hostiles . | . . . Robots Corrupted 2 | . 1 1 Combat Hostiles 1 | . . 1 Parts Fried 1 | . . 1 Impact Corruptions 1 | . . 1 Robots Melted . | . . . Combat Hostiles . | . . . Parts Melted 3 | 2 1 . Heat Transferred 1617 | 925 692 . Parts Sabotaged . | . . . Parts Stolen . | . . . Parts Stripped . | . . . Power Chain Reactions 1 | . 1 . Alert | -11 -10 -10 ------- Run | Yrd Mat Sub Maximum Alert Level . | . . . Low Security (%) 100 | 100 100 . Level 1 . | . . . Level 2 . | . . . Level 3 . | . . . Level 4 . | . . . Level 5 . | . . . High Security . | . . . Max Security . | . . . Peak Influence 121 | 10 121 . Initial . | . . . Average 42 | 1 55 . Influence Increases 560 | 50 375 135 Destroy 0b10 Robot/C 260 | . 200 60 Destroy 0b10 Robot/NC 70 | 50 20 . Destroy Leader 58 | . 58 . Successful Hack 30 | . 30 . Disable Machine 45 | . 45 . Destroy Structure 7 | . 7 . Lose Combat Pursuer 90 | . 15 75 Influence Decreases 560 | 50 351 159 Entered New Map 12 | . . 12 Time Decay 488 | 50 341 97 Lost Part 60 | . 10 50 Squads Dispatched 3 | . 3 . Investigation 1 | . 1 . Extermination . | . . . Reinforcement 2 | . 2 . Assault . | . . . Garrison . | . . . Intercept . | . . . Searches Triggered . | . . . Construction Impeded . | . . . Haulers Reinforced . | . . . Active Scanning Responses . | . . . Cargo Convoy Interrupts . | . . . Stealth | -11 -10 -10 --------- Run | Yrd Mat Sub Distress Signals 2 | . 2 . Communications Jammed . | . . . Distress Signals . | . . . Times Spotted 31 | . 18 13 Peak Tracking Total 6 | . 4 6 Tactical Retreats 2 | . 1 1 Traps | -11 -10 -10 ------- Run | Yrd Mat Sub Traps Triggered 4 | . 4 . Indirectly . | . . . Trap Hack Attempts . | . . . Triggered . | . . . Disarmed . | . . . Reprogrammed . | . . . Reused . | . . . Traps Extracted . | . . . Installed . | . . . Triggered . | . . . Machines | -11 -10 -10 ---------- Run | Yrd Mat Sub Machines Disabled 6 | . 3 3 Max in Single Turn 2 | . 1 2 Machines Repaired . | . . . Machines Dismantled . | . . . Machines Sabotaged . | . . . Overloaded Fab Kills . | . . . Hacking | -11 -10 -10 --------- Run | Yrd Mat Sub Machines Accessed 6 | . 6 . Terminals 5 | . 5 . Fabricators . | . . . Repair Stations . | . . . Recycling Units 1 | . 1 . Scanalyzers . | . . . Garrison Access . | . . . Total Hacks 21 | . 21 . Successful 12 | . 12 . Failed 9 | . 9 . Catastrophic . | . . . Database Lockouts . | . . . Manual 16 | . 16 . Terminals 19 | . 19 . Fabricators . | . . . Repair Stations . | . . . Recycling Units 2 | . 2 . Scanalyzers . | . . . Garrison Access . | . . . Terminal Hacks 5 | . 5 . Branch Access Points 1 | . 1 . Terminal Index 1 | . 1 . Alert Level 1 | . 1 . Maintenance Status 2 | . 2 . Fabricator Hacks . | . . . Repair Station Hacks . | . . . Recycling Unit Hacks 1 | . 1 . Report Inventory 1 | . 1 . Scanalyzer . | . . . Garrison Access Hacks . | . . . Unauthorized Hacks 6 | . 6 . Terminals 6 | . 6 . Botnet 5 | . 5 . Operators 1 | . 1 . Fabricators . | . . . Repair Stations . | . . . Recycling Units . | . . . Scanalyzers . | . . . Garrison Access . | . . . Data Cores Recovered . | . . . Used . | . . . Hacking Detections 5 | . 5 . Full Trace Events . | . . . Feedback Events . | . . . Feedback Blocked . | . . . Robot Schematics Acquired . | . . . Robots Built . | . . . Authchips . | . . . Time . | . . . Total Robot Build Rating . | . . . Part Schematics Acquired . | . . . Parts Built . | . . . Authchips . | . . . Time . | . . . Total Part Build Rating . | . . . Part Studies Acquired . | . . . Parts Repaired . | . . . Time . | . . . Parts Recycled . | . . . Recycled Matter . | . . . Retrieved Matter . | . . . Retrieved Components . | . . . Parts Scanalyzed . | . . . Part Schematics Acquired . | . . . Parts Damaged . | . . . Bothacking | -11 -10 -10 ------------ Run | Yrd Mat Sub Used RIF Installer . | . . . Robots Hacked . | . . . Non-combat . | . . . Combat . | . . . Robot Hacks Applied . | . . . Relay Couplers Released . | . . . Fabnet Peak Effective % . | . . . Robots Rewired . | . . . Allies Hacked . | . . . Hacks Repelled . | . . . Allies | -11 -10 -10 -------- Run | Yrd Mat Sub Total Allies . | . . . Largest Group . | . . . Highest-Rated Group . | . . . Highest-Rated Ally . | . . . Total Orders . | . . . Ally Attacks . | . . . Total Damage . | . . . Kills . | . . . Allies Corrupted . | . . . Allies Melted . | . . . Intel | -11 -10 -10 ------- Run | Yrd Mat Sub Active Infowar (turns) 1330 | 148 757 425 Seismic 1330 | 148 757 425 Robot Analysis Total . | . . . Derelict Logs Recovered . | . . . Drone Launches . | . . . Drone Recoveries . | . . . Exploration | -11 -10 -10 ------------- Run | Yrd Mat Sub Turns Passed 1705 | 267 875 563 Spaces Moved 1069 | 147 676 246 Core . | . . . Treads . | . . . Legs 91 | 91 . . Wheels 978 | 56 676 246 Hover . | . . . Flight . | . . . Fastest Speed 80 | 80 80 90 Average Speed 93 | 108 86 105 Slowest Speed 120 | 120 105 120 Overloaded Moves . | . . . Propulsion Burnouts . | . . . Robots Hopped . | . . . Potential Cave-ins . | . . . Cave-ins Triggered . | . . . Exploration Rate (%) 35 | 8 87 12 Regions Visited 2 Branch Regions 1 Pre-discovered Areas . | . . . Known Exits Taken . | . . . Unknown Exits Taken 2 | 1 1 . Scrap Searched . | . . . Spaces Dug 20 | . 3 17 Terrain Destroyed 52 | . 7 45 Melee 17 | . . 17 Projectile 3 | . 3 . AOE 32 | . 4 28 Terrain Rammed . | . . . Walls Destroyed . | . . . Machines Disabled . | . . . Actions | -11 -10 -10 --------- Run | Yrd Mat Sub Total 1499 | 201 877 421 Wait 201 | 6 107 88 Move 1067 | 146 675 246 Hop . | . . . Pick Up 27 | 7 15 5 Fast Attach 4 | 1 . 3 Attach 4 | . 2 2 Detach . | . . . Swap 25 | 3 15 7 Drop 22 | 5 14 3 Fire 105 | 33 49 23 Melee 44 | . . 44 Ram . | . . . Kick . | . . . Crush . | . . . Escape Stasis . | . . . Rewire . | . . . Trap . | . . . Miscellaneous . | . . . Route ------- -11/Scrapyard -10/Materials (discovered 5 exits: [*Mat x3] / *Min / [*Sub]) -10/Subcaves (discovered 1 exit: [*Rec]) History --------- Turn | Location | Event 1 | -11/Scrapyard | Discovered new exit (range 3) 268 | -11/Scrapyard | Entered Materials 318 | -10/Materials | Build established: Mutant 652 | -10/Materials | Discovered new exit (range 7) 790 | -10/Materials | Discovered new exit (range 10) 870 | -10/Materials | Core integrity fell below 50% 935 | -10/Materials | Discovered new exit (range 5) 947 | -10/Materials | Identified exit to Mines 1078 | -10/Materials | Discovered new exit (range 16) 1126 | -10/Materials | Discovered new exit (range 6) 1143 | -10/Materials | Entered Subcaves 1144 | -10/Subcaves | Approached by a straggling Scientist 1219 | -10/Subcaves | A swath of the cavern ceiling suddenly collapsed 1470 | -10/Subcaves | Discovered new exit (range 11) 1621 | -10/Subcaves | Core integrity fell below 20% 1633 | -10/Subcaves | Lost 5 parts (1p1u3w) 1706 | -10/Subcaves | Destroyed by 9U-8O5(R) with Subdweller Machine Gun Last Messages --------------- 01655_ Subatomizers dissect the Sub. Laser. 01656_ Dropped Lrg. Storage Unit. 01659_ Acquired Sub. Optics. 01662_ Dropped Mining Laser. 01663_ Acquired Corrupted Sub. Machine Gun. 01666_ Dropped Wheel. 01667_ Acquired Sub. Optics. 01668_ Subatomizers dissect the Sub. Laser, destroying it. 01674_ The unstable cave ceiling collapses. 01680_ Subatomizers dissect the Disposable Heat Sink. 01682_ The unstable cave ceiling collapses. 01690_ Subatomizers dissect the Disposable Heat Sink. 01702_ 9U-8O5(R) suffers critical hit (Smash). AB-8CP(c): "I think it's somewhere east of here" 01704_ Subatomizers dissect the Disposable Heat Sink. 01706_ Sub. Power Source destroyed. Map ----- +----------------------------------------------------+ | ??????????????????? ?????????????????????????? | | ???????????????????? ?????######???# "" ??????? | | ???????????????????? ?????# # ##?? ""#??????? | | ???????????????????## ###??## ???? ""#??????? | | ???????????????????? # ### #????? ""#?###??? | | ??????????#?????????? ## ### ########" ## "##?? | | ??????????# ?????????# # # ## # #" ""#?? | | ??????????# ???????## ## """"??? | | ??????????# ???##### ## ""#####??# | | ?????????## ??# ## # #" " ##?????# | | ?????????# #?# ## #### ###"" ##???## | | ?????????# ## ## ##### ##### "#??## | | ?????????# ## ##### "### ###### | | ??????????# ####??# #?#"""#"##"# | | ??????????# ### #?## "#"#" ## | | ??????????# # "#??#""""#""#? | | ??????????## #### "#??##"# "### | | ???????????## ###?# ""#???###"""#"" | | ????????????##### ###???## # <# ###???##"""#""# | | ????????????##### ##?????# ## ##?????#" " ###" | | ????????????# # ###???##### ###??????#" " # | | ????????????## # # ##### RR#????????##"##" " | | ????????????# ## #?????????#####"# | | ??????????### c #??????????????###" | | ??????????# # # [! """ #????????????????#" | | ??????????# #& """ "@" #????????????????## | | ?????????## """ R" """ #??????????????# | | ?????????# " &| =#### " "" ##??????????????? | | ?????????# "" ! ##?##""" "##???????????????? | | ?????????## """ #??#""### "#????????????????? | | ??????????## "" #?# ##?? "#????????????????? | | ???????????# """ ###?###???? "????????????????? | | ???????????# ###""#???????????""???????????????? | | ???????????##"#?? "#???????????##???????????????? | | ????????????##??#""""????????????????????????????? | | ????????????????#""""????????????????????????????? | | ????????????????"""""????????????????????????????? | | ?????????????????????????????????????????????????? | | ?????????????????????????????????????????????????? | | ?????????????????????????????????????????????????? | | ?????????????????????????????????????????????????? | | ?????????????????????????????????????????????????? | | ?????????????????????????????????????????????????? | | ?????????????????????????????????????????????????? | | ?????????????????????????????????????????????????? | | ?????????????????????????????????????????????????? | | ?????????????????????????????????????????????????? | | ?????????????????????????????????????????????????? | | ?????????????????????????????????????????????????? | | ?????????????????????????????????????????????????? | +----------------------------------------------------+ Best States ------------- Heat Dissipation 25 Energy Generation 15 Energy Capacity 250 Matter Stores 300 Matter Capacity 300 Sight Range 16 Terrain Scan Density 10 Weapon Shielding 33 Evasion (%) 55 Item Schematics ----------------- None Robot Schematics ------------------ None Fabricated ------------ Nothing Repaired ---------- Nothing Studied --------- None Alien Tech Used ----------------- None Achievements -------------- None Challenges ------------ None Game ------ Seed FieldthrustBoltChronowheel Manual? 0 Play Time 00:17:00 Cumulative 40.7 hours Start 2025.12.28 @ 01:03:30 End 2025.12.28 @ 01:18:38 Sessions 1 Manual Loads 0 Difficulty Rogue Special Mode None Game No. 57 Rogue 57 Adventurer 0 Explorer 0 Win Type - Total 1 Types 1/0/0/0/0/0/0/0/0/0 Lore% 33 Gallery% 41 Achievement% 33 Wizard Run 0 Options --------- Layout 2 ASCII 0 Keyboard 1 Movement Numpad Keybinds 0 Fullscreen 1 Font 24/Smallcaps Map View 50x44 Zoom Use 0% Tactical HUD 1 Map Filters NONE Filters NONE Steam 1 RUN: 7ea21c7b-01b3-44ab-92dc-d9f470d05f53